 Dungeon Sprint DCSS version 0.20.1-1-g8b1a95d (webtiles) character file.

60 Mitsuki the Skirmisher (level 4, -1/44 HPs)
             Began as a Hill Orc Fighter on Sept 25, 2017.
             Was an Initiate of Okawaru.
             Slain by a wolf (3 damage)
             ... in the Dungeon (Sprint VII: "The Pits").
             The game lasted 00:02:23 (422 turns).

Mitsuki the Skirmisher (Hill Orc Fighter)            Turns: 422, Time: 00:02:23

Health: -1/44      AC:  7    Str: 19    XL:     4   Next: 4%
Magic:  4/4        EV:  7    Int:  8    God:    Okawaru [......]
Gold:   0          SH:  9    Dex: 10    Spells: 3/3 levels left

rFire    . . .     SeeInvis .   l - +2 falchion
rCold    . . .     Gourm    .   c - +0 shield
rNeg     . . .     Faith    .   b - +0 scale mail
rPois    .         Spirit   .   (no helmet)
rElec    .         Reflect  .   (no cloak)
rCorr    .         Harm     .   (no gloves)
MR       .....     NoTele   +   (no boots)
Stlth    ..........             (no amulet)
Regen    0.2/turn               (no ring)
MPRegen  0.1/turn               (no ring)

@: no status effects
A: no striking features
a: Renounce Religion


You were in the Dungeon.
You worshipped Okawaru.
Okawaru was noncommittal.
You were not hungry.

You visited 1 branch

Inventory:

Hand Weapons
 l - a +2 falchion (weapon)
Armour
 b - a +0 scale mail (worn)
 c - a +0 shield (worn)
Scrolls
 k - a scroll of blinking
 m - 3 scrolls of remove curse
 n - 5 scrolls of amnesia
 o - a scroll of summoning
Potions
 a - 2 potions of invisibility
 d - a potion of might
 e - a potion of curing
 g - a potion of heal wounds
 h - a potion of haste
 i - 4 potions of magic
 j - 3 potions of berserk rage
Comestibles
 f - 8 bread rations
 p - 40 fruits
 q - 7 meat rations


   Skills:
 + Level 5.9 Fighting
 + Level 4.4 Long Blades
 + Level 5.3 Armour
 + Level 5.2 Shields


You had 3 spell levels left.
You didn't know any spells.

Dungeon Overview and Level Annotations

Branches:
Dungeon (1/1)

Altars:
Ashenzari
Cheibriados
Dithmenos
Elyvilon
Fedhas
Gozag
Hepliaklqana
Kikubaaqudgha
Makhleb
Nemelex Xobeh
Okawaru
Qazlal
Ru
Sif Muna
Trog
Uskayaw
Vehumet
Xom
Yredelemnul
Zin
The Shining One
Beogh
Jiyva
Lugonu


Message History

The wolf is heavily wounded.
You block the wolf's attack. The wolf bites you.
You hit the wolf.
The wolf is severely wounded.
The wolf bites you! You block the wolf's attack.
You miss the wolf.
The wolf is severely wounded.
The wolf closely misses you. You block the wolf's attack.
You hit the wolf.
The wolf is severely wounded.
The wolf barely misses you.
You riposte.
You closely miss the wolf.
The wolf is severely wounded.
The wolf bites you.
* * * LOW HITPOINT WARNING * * *
You hit the wolf.
The wolf is severely wounded.
The wolf bites you.
* * * LOW HITPOINT WARNING * * *
The wolf bites you.
You die...

#.?(.')))'.##......#.
##########.##........
#...........'........
#'#####÷#####......#.
#.#..#..# #........
#.#..÷..# ####'####
#.#..#### #.......#
#.#..# #.......#
#.#.@# #.......#
#.##h# #...<...#
#.#.r......##.......#
#.#........##.......#
###########.......#
#########


You could see a wolf and a rat.

Vanquished Creatures
  2 worker ants (D)
  An ufetubus (D)
  An orc (D)
  A hobgoblin (D)
  A quokka (D)
  A bat (D)
  A frilled lizard (D)
8 creatures vanquished.

Notes
Turn   | Place    | Note
-------+----------+-------------------------------------------
     0 | D        | Mitsuki the Hill Orc Fighter began the quest for the Orb.
     0 | D        | Reached XP level 1. HP: 19/19 MP: 1/1
    59 | D        | Found a glowing golden altar of the Shining One.
    59 | D        | Found a glowing silver altar of Zin.
    59 | D        | Found a basalt altar of Yredelemnul.
    59 | D        | Found a shimmering altar of Xom.
    59 | D        | Found a bloodstained altar of Trog.
    59 | D        | Found a deep blue altar of Sif Muna.
    59 | D        | Found a sacrificial altar of Ru.
    59 | D        | Found a stormy altar of Qazlal.
    59 | D        | Found an iron altar of Okawaru.
    59 | D        | Found a sparkling altar of Nemelex Xobeh.
    59 | D        | Found a burning altar of Makhleb.
    59 | D        | Found a viscous altar of Jiyva.
    59 | D        | Found a hazy altar of Hepliaklqana.
    59 | D        | Found an opulent altar of Gozag.
    59 | D        | Found a blossoming altar of Fedhas.
    59 | D        | Found a white marble altar of Elyvilon.
    59 | D        | Found a shadowy altar of Dithmenos.
    59 | D        | Found a snail-covered altar of Cheibriados.
    60 | D        | Found a radiant altar of Vehumet.
    60 | D        | Found a corrupted altar of Lugonu.
    60 | D        | Found a roughly hewn altar of Beogh.
    61 | D        | Found a hide-covered altar of Uskayaw.
    61 | D        | Found an ancient bone altar of Kikubaaqudgha.
    61 | D        | Found a shattered altar of Ashenzari.
    65 | D        | Became a worshipper of Warmaster Okawaru
    95 | D        | Reached XP level 2. HP: 19/27 MP: 2/2
   197 | D        | Reached skill level 5 in Fighting
   197 | D        | Reached XP level 3. HP: 15/36 MP: 3/3
   411 | D        | Noticed a wolf
   411 | D        | Reached skill level 5 in Armour
   411 | D        | Reached skill level 5 in Shields
   411 | D        | Reached XP level 4. HP: 28/44 MP: 4/4
   422 | D        | HP: 2/44 [wolf (6)]
   422 | D        | Slain by a wolf

Skill      XL: |  1  2  3 |
---------------+----------+-----
Fighting       | 4 5 |  5.9
Long Blades    | 3 4 |  4.4
Armour         | 4 5 |  5.3
Shields        | 4 5 |  5.2

Action                   |  1- 3 |  4- 6 || total
-------------------------+-------+-------++-------
Melee: Falchion          |    35 |    11 ||    46
       Long sword        |     1 |       ||     1
Armor: Scale mail        |     8 |     6 ||    14
Dodge: Dodged            |    12 |     3 ||    15
Block: Shield            |    20 |     8 ||    28
       Rpst.: Falchion   |     1 |     1 ||     2
